AoeStats
← peta

Nomad

508294044Analyzed
2v2 RM · 9d ago on Sep 21, 2026· 41m 59s· 4 players
Game mode
Random Map
Map size
176×176
Population
200
Speed
Normal
Resources
Standard
Victory
Conquest
Starting age
Dark Age
Ending age
Imperial Age
RankedLock teamsTeams togetherTeam positionsShared explorationLock speedFull tech treeHidden civsTurbo modeCheats
Victory
Defeat
🇨🇭 Franks · Switzerland
1080
+19
🇫🇷 Vikings · France
1078
+19
🇫🇷 Mongols · France
1159
-20
🇫🇷 Italians · France
1122
-18
Jamie
6:55 Loom
15:02 Feudal Age
15:29 Double-Bit Axe
15:33 Town Watch
20:42 Castle Age
21:15 Fletching
20:47 Crossbowman
21:30 Padded Archer Armor
24:01 Horse Collar
29:53 Heavy Plow
33:58 Ballistics
36:09 Town Patrol
40:41 Imperial Age
38:10 Bodkin Arrow
peta
6:22 Loom
15:42 Feudal Age
19:29 Castle Age
21:21 Forging
21:17 Scale Barding Armor
21:47 Husbandry
31:16 Imperial Age
32:43 Cavalier
33:55 Fishing Lines
37:29 Iron Casting
38:06 Wheelbarrow
37:54 Chain Barding Armor
LeKrabKroustill
3:05 Loom
13:04 Feudal Age
13:42 Feudal Age
17:46 Castle Age
19:22 Fletching
23:20 Scale Barding Armor
23:25 Forging
23:01 Pikeman
25:31 Light Cavalry
26:53 Bloodlines
28:37 Husbandry
29:36 Iron Casting
38:38 Town Watch
43:44 Imperial Age
KarmaWin
6:19 Loom
15:05 Feudal Age
19:40 Castle Age
21:33 Fletching
26:28 Bodkin Arrow
27:17 Double-Bit Axe
27:14 Horse Collar
33:26 Ballistics
37:32 Bow Saw
39:53 Padded Archer Armor
Connection lost

Rejoining the realm…

Still unreachable

The connection could not be restored.

Session expired

The server has moved on; the page needs a fresh start.